 Dungeon Crawl Stone Soup version 0.31-a0-1480-g9c3b9a8 (webtiles) character file.

Game seed: 3983177531155464192

222605 blake the Tortoise (level 18, -19/258 HPs)
             Began as a Hill Orc Fighter on Dec 28, 2023.
             Was a High Priest of the Shining One.
             Demolished by a rockslime (34 damage)
             ... on level 1 of the Pits of Slime on Dec 29, 2023.
             The game lasted 03:09:18 (25743 turns).

blake the Tortoise (Hill Orc Fighter)              Turns: 25743, Time: 03:09:19

Health: -19/258    AC: 30    Str: 27    XL:     18   Next: 76%
Magic:  20/26      EV: 11    Int: 13    God:    the Shining One [*****.]
Gold:   485        SH: 10    Dex: 10    Spells: 14/17 levels left

rFire   + . .        a - +9 battleaxe of Dishonesty {heavy, Will+}
rCold   + . .        (shield currently unavailable)
rNeg    + + +        U - +1 pearl dragon scales of Evolution {rN+ Regen+ Int+5 Stlth+}
rPois   +            T - +0 helmet
rElec   .            y - +2 cloak {rCorr}
rCorr   +            Q - +0 pair of gloves "Hoteq" {Harm rPois rN+ Slay+2}
SInv    .            Z - +2 pair of boots {rampage}
Will    +....        i - amulet of regeneration Stlth
                     L - ring of protection from fire
HPRegen 2.23/turn    A - ring of protection from cold
MPRegen 0.20/turn

%: harm (+30% outgoing, +20% incoming), rampage
@: berserking, divinely shielded, weak-willed, glowing, studying 2 skills, very
quick
A: no striking features
}: 2/15 runes: decaying, serpentine
a: Renounce Religion, Divine Shield, Cleansing Flame, Summon Divine Warrior


You were on level 1 of the Pits of Slime.
You worshipped the Shining One.
The Shining One was extremely pleased with you.
You visited 6 branches of the dungeon, and saw 30 of its levels.
You also visited: Bailey.

You collected 2535 gold pieces.
You spent 2050 gold pieces at shops.

Inventory:

Hand Weapons
 a - the +9 battleaxe of Dishonesty (weapon) {heavy, Will+}
   (You found it on level 9 of the Dungeon)

   Will+:     It increases your willpower.
 b - the +12 orcbow "Naatup" {heavy, Dex+2}
   (You bought it in a shop on level 2 of the Orcish Mines)

   Dex+2:     It affects your dexterity (+2).
 g - the +7 sling of Heowneck {flame, Fly rF- Int+9 Dex-5}
   (You found it on level 13 of the Dungeon)

   Int+9:     It affects your intelligence (+9).
   Dex-5:     It affects your dexterity (-5).
   rF-:       It makes you vulnerable to fire.
   Fly:       It grants you flight.
 V - the +6 war axe "Murmur" {flame, Will+ Dex+5}
   (You found it on level 9 of the Dungeon)

   Dex+5:     It affects your dexterity (+5).
   Will+:     It increases your willpower.
Missiles
 s - 54 poisoned darts (quivered)
 M - 8 javelins
 N - 2 throwing nets
Armour
 y - a +2 cloak of preservation (worn)
 z - a +0 plate armour of fire resistance
 G - a +1 kite shield of protection
 P - a +0 hat of intelligence
 Q - the +0 pair of gloves "Hoteq" (worn) {Harm rPois rN+ Slay+2}
   (You found it on level 4 of the Snake Pit)

   Slay+2:    It affects your accuracy & damage with ranged weapons and melee
   (+2).
   rPois:     It protects you from poison rN+: It protects you from negative
   energy.
   Harm:      It increases damage dealt and taken.
 T - a +0 helmet (worn)
 U - the +1 pearl dragon scales of Evolution (worn) {rN+ Regen+ Int+5 Stlth+}
   (You bought it in a shop on level 2 of the Orcish Mines)

   Int+5:     It affects your intelligence (+5).
   rN+:       It protects you from negative energy.
   Regen+:    It increases your rate of health regeneration.
   Stlth+:    It makes you more stealthy.
 Z - a +2 pair of boots of rampaging (worn)
Jewellery
 i - an amulet of regeneration (around neck)
 A - a ring of protection from cold (right hand)
 D - a ring of willpower
 L - a ring of protection from fire (left hand)
 S - a ring of poison resistance
Wands
 r - a wand of paralysis (13)
 t - a wand of polymorph (12)
 u - a wand of roots (4)
 H - a wand of mindburst (30)
 I - a wand of digging (2)
Scrolls
 f - 5 scrolls of revelation {unknown}
 h - 4 scrolls of amnesia
 j - 12 scrolls of teleportation
 l - 7 scrolls of poison {unknown}
 m - 9 scrolls of immolation {unknown}
 n - 2 scrolls of enchant armour
 p - a scroll of fear
 v - 7 scrolls of enchant weapon
 x - 3 scrolls of vulnerability
 F - a scroll of brand weapon
 Y - a scroll of fog
Potions
 d - 3 potions of might
 e - 6 potions of curing
 k - 6 potions of attraction {unknown}
 o - a potion of mutation
 B - 5 potions of brilliance
 C - 3 potions of magic
 J - 2 potions of enlightenment
 K - 4 potions of lignification
 R - 3 potions of haste
 W - a potion of resistance
 X - 2 potions of cancellation
Miscellaneous
 c - a lightning rod (4/4)
 q - a phial of floods


   Skills:
 + Level 18.1 Fighting
 - Level 13.2(16.0) Axes
 - Level 12.5(14.2) Maces & Flails
 - Level 16.0 Ranged Weapons
 - Level 2.0 Throwing
 * Level 18.5 Armour
 - Level 3.6 Dodging
 - Level 0.5 Stealth
 - Level 10.2 Shields
 - Level 11.0 Invocations
 - Level 4.4 Evocations


You had 14 spell levels left.
You knew the following spells:

 Your Spells              Type           Power      Damage    Failure   Level
a - Blink                 Tloc           0%         N/A       65%         2
b - Slow                  Hex            0%         N/A       50%         1

Your spell library contained the following spells:

 Spells                   Type           Power      Damage    Failure   Level
 Apportation              Tloc           0%         N/A       50%         1
 Foxfire                  Conj/Fire      0%         2x1d4     50%         1
 Kiss of Death            Conj/Necr      0%         2d5       50%         1
 Magic Dart               Conj           0%         1d3       50%         1
 Call Imp                 Summ           0%         N/A       65%         2
 Jinxbite                 Hex            0%         N/A       65%         2
 Lesser Beckoning         Tloc           0%         N/A       65%         2
 Momentum Strike          Conj/Tloc      0%         3d8       65%         2
 Call Canine Familiar     Summ           0%         N/A       86%         3
 Confusing Touch          Hex            0%         N/A       86%         3
 Dazzling Flash           Conj/Hex       0%         N/A       86%         3
 Inner Flame              Hex/Fire       0%         N/A       86%         3
 Mephitic Cloud           Conj/Alch/Air  0%         N/A       86%         3
 Sigil of Binding         Hex            0%         N/A       86%         3
 Vampiric Draining        Necr           0%         2d6       86%         3
 Volatile Blastmotes      Fire/Tloc      0%         2d10      86%         3
 Animate Armour           Summ/Erth      0%         N/A       99%         4
 Dimensional Bullseye     Hex/Tloc       0%         N/A       99%         4
 Dispel Undead            Necr           0%         3d6       99%         4
 Fulminant Prism          Conj/Alch      0%         3d5       99%         4
 Ignite Poison            Fire/Alch      0%         N/A       99%         4
 Iskenderun's Mystic Bla  Conj/Tloc      0%         2d3       99%         4
 Sticky Flame             Fire/Alch      0%         2d4       99%         4
 Summon Lightning Spire   Summ/Air       0%         N/A       99%         4
 Alistair's Intoxication  Alch           0%         N/A       100%        5
 Curse of Agony           Necr           0%         N/A       100%        5
 Irradiate                Conj/Alch      0%         3d11      100%        5
 Lee's Rapid Deconstruct  Erth           0%         3d4*      100%        5
 Silence                  Hex/Air        0%         N/A       100%        5
 Summon Forest            Summ/Tloc      0%         N/A       100%        5
 Yara's Violent Unravell  Hex/Alch       0%         3d3       100%        5
 Eringya's Noxious Bog    Alch           0%         4d6       100%        6
 Plasma Beam              Fire/Air       0%         2x1d10    100%        6
 Starburst                Conj/Fire      0%         6d3       100%        6
 Enfeeble                 Hex            0%         N/A       100%        7
 Summon Hydra             Summ           0%         N/A       100%        7
 Ignition                 Fire           0%         3d3       100%        8


Dungeon Overview and Level Annotations

Branches:
Dungeon (14/15)            Temple (0/1) D:4            Lair (5/5) D:8
  Swamp (4/4) Lair:2        Snake (4/4) Lair:3        Slime (1/5) Lair:4
    Orc (2/2) D:9             Elf (0/3) Orc:2        Vaults (0/5) D:13
 Bailey (visited)

Altars:
Cheibriados
Dithmenos
Elyvilon
Fedhas
Gozag
Kikubaaqudgha
Makhleb
Nemelex Xobeh
Qazlal
Ru
Sif Muna
Trog
Vehumet
Wu Jian
Xom
Zin
The Shining One
Beogh
Jiyva

Shops:
D:5 =   D:11 *   Orc:2 [([*   Snake:4 =[?

Annotations:
D:4 2 transporters, rotlqkf's ghost, novice HuGl
D:5 2 runed translucent doors, sol123's ghost, novice GrHu
D:10 3 runed translucent doors, wqsa789's ghost, journeyman HuGl
D:11 3 runed translucent doors, exclusion: obsidian statue, wqsa789's ghost, journeyman TeAE
Lair:1 1 runed translucent door, Agrajag's ghost, journeyman DjCj
Lair:3 2 transporters, samfromsteam's ghost, journeyman MiFi
Lair:5 exclusion: obsidian statue


Message History

The formless jellyfish stings you but does no damage.
The formless jellyfish constricts you.
As you read the scroll of teleportation, it crumbles to dust.
You feel strangely unstable. The acid blob barely misses you.
The formless jellyfish stings you.
* * * LOW HITPOINT WARNING * * *
You shrug off the repeated paralysis!
The formless jellyfish constricts you. The formless jellyfish stings you!!
The Shining One protects you from harm!
You feel much better.
The acid blob hits you but does no damage.
The formless jellyfish stings you but does no damage.
The formless jellyfish constricts you. The formless jellyfish stings you!
* * * LOW HITPOINT WARNING * * *
The acid blob spits acid at you. The splash of acid hits you! You resist.
* * * LOW HITPOINT WARNING * * *
You feel much better. The eye of devastation gazes at you.
The bolt of devastation hits you!!
* * * LOW HITPOINT WARNING * * *
The formless jellyfish shimmers eerily.
The formless jellyfish blinks!
You block the formless jellyfish's attack.
The formless jellyfish constricts you.
The formless jellyfish stings you but does no damage.
The acid blob hits you but does no damage.
Okay, then.
A red film seems to cover your vision as you go berserk!
You feel yourself moving faster!
You feel mighty!
Your surroundings suddenly seem different.
Something loses its grip on you.
Acid dripping from the walls corrodes you.
A rockslime comes into view.
The rockslime hits you!! The Shining One protects you from harm!
You stumble backwards!
You feel a strong urge to attack something.
You hit the rockslime but do no damage. The rockslime hits you!!
You die...

#.....##. ##....#...
##......... ## ........
#.. ..... . .. #..## ...
#.##.#.#....
#.##...J................
.......@....... ........
#..............##.......
###.#..##.....#.........
####. #...#.......... ..
##............. ...
#........J.G... .##
#.......J<.... ##
##........J.#.
##.....##....


You could see a rockslime.

Vanquished Creatures
  the Lernaean hydra (Swamp:4)
  A tentacled monstrosity (Swamp:4)
  Jorgrun (Snake:1)
  Gastronok (Lair:2)
  A thorn hunter (Swamp:3)
  An azure jelly (Slime:1)
  A rockslime (Slime:1)
  8 nagarajas (Snake:4)
  A quicksilver ooze (Slime:1)
  An orc warlord (Orc:2)
  Nessos (Lair:5)
  4 eleionomae
  A vampire knight (D:13)
  The ghost of wqsa789 the Fencer, a journeyman HuGl of Nemelex Xobeh (Orc:2)
  Azrael (Orc:2)
  3 bunyips
  3 dire elephants (Lair:5)
  2 fire dragons
  11 hydras
  A yaktaur captain (D:13)
  A salamander tyrant (Snake:4)
  6 vault guards (D:13)
  5 centaur warriors
  7 alligators
  8 anacondas
  2 catoblepae
  2 two-headed ogres
  5 boulder beetles
  2 orc high priests (Orc:2)
  A dancing weapon (Orc:2)
  6 naga warriors (Snake:4)
  2 naga sharpshooters (Snake:4)
  A death yak (Lair:5)
  6 spriggans
  2 shock serpents
  2 salamander mystics (Snake:4)
  3 skysharks
  7 goliath frogs
  2 spectral death yaks (Lair:5)
  4 spriggan druids
  A spectral anaconda (Lair:5)
  6 bog bodies
  11 swamp dragons
  3 naga ritualists
  A phantasmal warrior (D:13)
  A lindwurm (Lair:3)
  4 orc sorcerers (Orc:2)
  An orc knight (Orc:2)
  2 deep elf pyromancers (D:14)
  3 necromancers (Lair:5)
  2 ugly things
  11 mana vipers
  4 will-o-the-wisps
  2 salamanders
  7 cyclopes
  3 manticores
  Maurice (Orc:2)
  21 elephants (Lair:5)
  6 kobold blastminers (Orc:2)
  29 black mambas
  3 guardian serpents (Snake:4)
  3 meliai (D:12)
  14 cane toads
  2 smoke demons (D:12)
  8 naga magi
  Maggie (D:10)
  A gargoyle (D:12)
  2 torpor snails
  A dire elephant skeleton (Lair:5)
  5 rime drakes
  An efreet (D:12)
  3 komodo dragons
  A freezing wraith (D:9)
  2 tengu conjurers (D:14)
  Psyche (D:12)
  A troll (shapeshifter) (D:9)
  6 trolls
  A polar bear (Lair:4)
  7 tyrant leeches
  6 hornets
  20 blink frogs
  12 dream sheep
  A spriggan (shapeshifter) (D:13)
  12 slime creatures
  4 wyverns
  A wraith (D:12)
  A shadow (D:11)
  50 yaks
  A vampire (D:9)
  A basilisk (Lair:3)
  6 humans (D:13)
  A fire bat (D:12)
  A warg (D:9)
  6 fire elementals
  A steam dragon (D:6)
  2 death yak simulacra (Lair:5)
  5 vampire mosquitoes
  2 spectral cane toads (Lair:5)
  17 nagas
  12 swamp worms
  Duvessa (D:5)
  A hell hound (Orc:2)
  19 water moccasins
  31 orc warriors
  13 swamp drakes
  2 ice beasts (D:7)
  A hornet zombie (D:6)
  2 black bears
  11 wolves
  2 elephant zombies (Lair:5)
  10 ogres
  15 centaurs
  2 elephant skeletons (Lair:5)
  8 phantoms
  6 kobold brigands
  15 bullfrogs
  A gnoll sergeant (D:9)
  5 scorpions
  2 water moccasin zombies (D:6)
  5 wights
  Dowan (D:5)
  A water moccasin skeleton (D:6)
  An elephant simulacrum (Lair:5)
  A killer bee (D:9)
  An electric eel (Lair:2)
  7 howler monkeys
  A vampire bat (D:9)
  2 bombardier beetles
  6 bullfrog zombies (D:6)
  A centaur zombie (D:6)
  2 bullfrog skeletons (D:6)
  2 hounds
  A jelly (D:6)
  2 centaur skeletons (D:6)
  21 orc priests
  3 iguanas
  33 orc wizards
  6 hell rats (Lair:3)
  2 killer bee zombies (D:6)
  2 howler monkey zombies (D:6)
  A howler monkey skeleton (D:6)
  4 adders
  5 gnolls (D:8)
  4 white imps
  6 ufetubi
  A worm (D:3)
  86 orcs
  5 ball pythons
  3 bat skeletons (D:9)
  2 bat zombies (D:9)
  6 endoplasms
  3 giant cockroaches
  9 goblins
  6 hobgoblins
  5 jackals (D:1)
  30 kobolds
  2 quokkas
  7 bats
  4 frilled lizards
  5 rats
905 creatures vanquished.

Vanquished Creatures (collateral kills)
  Nikola (Snake:3)
  A fenstrider witch (Swamp:4)
  3 hydras (Swamp:4)
  Erolcha (D:12)
  An alligator (Swamp:4)
  4 anacondas
  4 naga warriors
  An orc high priest (Orc:2)
  3 naga sharpshooters
  A shock serpent (Snake:3)
  A salamander mystic (Snake:3)
  A spriggan druid (Swamp:4)
  5 naga ritualists
  5 swamp dragons (Swamp:4)
  2 orc knights (Orc:2)
  2 mana vipers
  A will-o-the-wisp (Swamp:2)
  4 salamanders
  A kobold blastminer (Orc:2)
  8 black mambas
  2 naga magi
  A torpor snail (Lair:1)
  3 guardian serpents (Snake:4)
  A bloated husk (Swamp:2)
  3 hornets
  A tyrant leech (Swamp:2)
  A yak (Lair:1)
  3 spriggans
  2 vampire mosquitoes (Swamp:2)
  A basilisk (Lair:1)
  8 nagas
  2 orc warriors (Orc:2)
  3 orc priests (Orc:2)
  An orc wizard (Orc:2)
  7 orcs (Orc:2)
  A spectral weapon (Swamp:4)
90 creatures vanquished.

Vanquished Creatures (others)
  A kobold demonologist (D:12)
  A bloated husk (Swamp:1)
  A naga (Snake:3)
  22 foxfires
25 creatures vanquished.

Grand Total: 1020 creatures vanquished

Notes
Turn   | Place    | Note
-------+----------+-------------------------------------------
     0 | D:1      | blake the Hill Orc Fighter began the quest for the Orb.
     0 | D:1      | Reached XP level 1. HP: 19/19 MP: 1/1
   114 | D:1      | Reached XP level 2. HP: 26/27 MP: 2/2
   543 | D:1      | Reached XP level 3. HP: 30/33 MP: 3/3
   910 | D:2      | Found a faded altar of an unknown god.
  1148 | D:2      | Prayed at the altar of an unknown god.
  1148 | D:2      | Became a worshipper of the Shining One
  1148 | D:2      | Reached * piety under the Shining One
  1393 | D:3      | Reached XP level 4. HP: 41/41 MP: 4/4
  1474 | D:3      | Found a glowing silver altar of Zin.
  1781 | D:4      | Found a radiant altar of Vehumet.
  1793 | D:4      | Reached skill level 5 in Axes
  1793 | D:4      | Reached XP level 5. HP: 45/47 MP: 5/5
  1860 | D:4      | Found a staircase to the Ecumenical Temple.
  2014 | D:4      | Found a transporter.
  2017 | D:4      | Identified the +9 spear "Pioqos" {elec, rC+}
  2225 | D:4      | Found a glowing golden altar of the Shining One.
  2245 | D:4      | Found a shadowy altar of Dithmenos.
  2359 | D:4      | Found a transporter.
  2364 | D:4      | Noticed rotlqkf's ghost (novice HuGl)
  2451 | D:4      | Noticed an ogre
  2458 | D:4      | Killed an ogre
  2459 | D:4      | Reached skill level 1 in Invocations
  2459 | D:4      | Reached XP level 6. HP: 42/55 MP: 6/6
  2704 | D:5      | Entered Level 5 of the Dungeon
  2775 | D:5      | Reached ** piety under the Shining One
  2780 | D:5      | Noticed Duvessa
  2780 | D:5      | Noticed Dowan
  2783 | D:5      | Reached skill level 5 in Fighting
  2783 | D:5      | Reached XP level 7. HP: 59/61 MP: 3/8
  2841 | D:6      | Reached skill level 5 in Armour
  2857 | D:6      | Reached skill level 1 in Dodging
  2951 | D:6      | Reached XP level 8. HP: 62/69 MP: 10/10
  3037 | D:5      | Found a runed translucent door.
  3037 | D:5      | Noticed sol123's ghost (novice GrHu)
  3040 | D:5      | Found a burning altar of Makhleb.
  3110 | D:5      | Found Qeat Fedomn's Jewellery Emporium.
  3138 | D:5      | Killed Dowan
  3155 | D:5      | Found a runed translucent door.
  3290 | D:5      | Killed Duvessa
  3405 | D:5      | Found a shimmering blue altar of Sif Muna.
  3409 | D:5      | Found a bloodstained altar of Trog.
  3564 | D:6      | Reached skill level 5 in Invocations
  3572 | D:6      | Reached *** piety under the Shining One
  3583 | D:6      | Reached XP level 9. HP: 75/75 MP: 11/13
  3589 | D:6      | Reached skill level 10 in Axes
  3703 | D:6      | Reached skill level 1 in Evocations
  4221 | D:6      | Reached **** piety under the Shining One
  4524 | D:7      | Found a sparkling altar of Nemelex Xobeh.
  4543 | D:7      | Reached skill level 5 in Shields
  4713 | D:7      | Found a blossoming altar of Fedhas.
  4950 | D:7      | Reached XP level 10. HP: 86/86 MP: 15/15
  4956 | D:7      | Found a flagged portal.
  4966 | Bailey   | Entered a bailey
  4974 | Bailey   | Noticed an orc knight
  5116 | D:7      | Found a stormy altar of Qazlal.
  5602 | D:8      | Identified the +6 flail "Fesent" {freeze, +Blink Will-
                  | Int+6 Stlth-}
  5634 | D:8      | Found a staircase to the Lair.
  5712 | D:8      | Reached skill level 1 in Maces & Flails
  6107 | D:8      | Reached skill level 5 in Maces & Flails
  6263 | D:8      | Found a white marble altar of Elyvilon.
  6292 | D:8      | Found an ornate altar of the Wu Jian Council.
  6522 | Lair:1   | Entered Level 1 of the Lair of Beasts
  6533 | D:8      | Reached XP level 11. HP: 70/95 MP: 16/16
  6843 | D:9      | Noticed a cyclops
  7064 | D:9      | Found a staircase to the Orcish Mines.
  7145 | D:10     | Entered Level 10 of the Dungeon
  7145 | D:10     | Reached ***** piety under the Shining One
  7185 | D:10     | Found a runed translucent gate.
  7186 | D:10     | Found a runed translucent gate.
  7196 | D:10     | Noticed wqsa789's ghost (journeyman HuGl)
  7197 | D:10     | Found a runed translucent gate.
  7265 | D:10     | Reached skill level 10 in Maces & Flails
  7498 | D:10     | Noticed Maggie
  7510 | D:10     | Killed Maggie
  7813 | D:11     | Noticed a fire dragon
  7826 | D:11     | Killed a fire dragon
  7862 | D:11     | Identified the +7 quick blade "Giant's Demise" {spect,
                  | *Corrode rF+ Dex+5}
  7985 | D:11     | Reached skill level 1 in Throwing
  8126 | D:11     | Found a runed translucent gate.
  8146 | D:11     | You fall into a shaft and drop 3 floors!
  8150 | D:14     | Noticed a boulder beetle
  8189 | D:14     | Killed a boulder beetle
  8190 | D:14     | Reached XP level 12. HP: 75/106 MP: 15/17
  8312 | D:14     | Noticed a centaur warrior
  8324 | D:14     | Noticed a centaur warrior
  8325 | D:14     | Reached skill level 10 in Fighting
  8898 | D:11     | Noticed a boulder beetle
  8914 | D:11     | Killed a boulder beetle
  9087 | D:11     | Found a runed translucent gate.
  9088 | D:11     | Found a runed translucent gate.
  9092 | D:11     | Found an opulent altar of Gozag.
  9092 | D:11     | Noticed wqsa789's ghost (journeyman TeAE)
  9096 | D:11     | Found Vaskuzipp's Assorted Antiques.
  9161 | D:11     | Found a snail-covered altar of Cheibriados.
  9523 | Lair:1   | Noticed a catoblepas
  9542 | Lair:1   | Upgraded the game from 0.31-a0-1458-g2f8d471 to
                  | 0.31-a0-1459-g54790a2
  9691 | Lair:1   | Killed a catoblepas
  9916 | Lair:1   | Found a runed translucent door.
  9917 | Lair:1   | Found a shimmering altar of Xom.
  9917 | Lair:1   | Noticed Agrajag's ghost (journeyman DjCj)
  9918 | Lair:1   | Noticed a +2 rapier of chaos
 10242 | Lair:2   | Noticed a skyshark
 10251 | Lair:2   | Killed a skyshark
 10269 | Lair:2   | Noticed a boulder beetle
 10285 | Lair:2   | Killed a boulder beetle
 10324 | Lair:2   | Reached XP level 13. HP: 116/116 MP: 19/19
 10604 | Lair:2   | Found a staircase to the Swamp.
 10607 | Lair:2   | Noticed Gastronok
 10883 | Lair:3   | Reached skill level 10 in Armour
 10987 | Lair:3   | Found a staircase to the Snake Pit.
 11174 | Lair:3   | Reached skill level 10 in Invocations
 11979 | Lair:3   | Noticed samfromsteam's ghost (journeyman MiFi)
 11982 | Lair:3   | Found a transporter.
 11987 | Lair:3   | Found a transporter.
 12515 | Lair:4   | Found a viscous altar of Jiyva.
 12523 | Lair:4   | Found a staircase to the Slime Pits.
 13167 | Lair:5   | Entered Level 5 of the Lair of Beasts
 13294 | Lair:5   | Identified the +3 shortbow "Wuoschiz" {elec, Will++}
 13332 | Lair:5   | Reached XP level 14. HP: 110/129 MP: 19/21
 13589 | Lair:5   | Noticed Nessos
 13640 | Lair:5   | Killed Nessos
 13671 | Lair:5   | Noticed a dire elephant
 13694 | Lair:5   | Killed a dire elephant
 13792 | Lair:5   | Noticed a dire elephant
 13792 | Lair:5   | Noticed a dire elephant
 13919 | Lair:5   | HP: 5/133 [dire elephant (28)]
 14094 | Lair:5   | Found a snail-covered altar of Cheibriados.
 14240 | Lair:5   | Killed a dire elephant
 14395 | Lair:5   | Killed a dire elephant
 14544 | Lair:5   | Reached skill level 15 in Fighting
 14754 | Lair:5   | Identified the +2 dagger of Erompu {flame, Int+7}
 15289 | D:9      | Reached skill level 10 in Shields
 15303 | D:9      | Reached XP level 15. HP: 64/141 MP: 21/23
 15428 | D:9      | Identified the +6 war axe "Murmur" {flame, Will+ Dex+5}
 15429 | D:9      | Identified the +9 battleaxe of Dishonesty {heavy, Will+}
 15542 | D:9      | Found an ancient bone altar of Kikubaaqudgha.
 15714 | D:9      | Found a sacrificial altar of Ru.
 16101 | Orc:1    | Entered Level 1 of the Orcish Mines
 16110 | Orc:1    | Reached ****** piety under the Shining One
 16205 | Orc:1    | Found a roughly hewn altar of Beogh.
 16342 | Orc:2    | Entered Level 2 of the Orcish Mines
 16387 | Orc:2    | Found a roughly hewn altar of Beogh.
 16503 | Orc:2    | Reached skill level 1 in Ranged Weapons
 16613 | Orc:2    | Found a runed translucent door.
 16613 | Orc:2    | Found a shimmering altar of Xom.
 16613 | Orc:2    | Noticed wqsa789's ghost (journeyman HuGl)
 16613 | Orc:2    | Noticed Azrael
 16621 | Orc:2    | Killed Azrael
 16638 | Orc:2    | Killed wqsa789's ghost
 16826 | Orc:2    | Found a staircase to the Elven Halls.
 16895 | Orc:2    | Noticed Maurice
 16899 | Orc:2    | Killed Maurice
 16919 | Orc:2    | Noticed an orc warlord
 16930 | Orc:2    | Killed an orc warlord
 16932 | Orc:2    | Found Nogo's Antique Armour Shoppe.
 16933 | Orc:2    | Found a roughly hewn altar of Beogh.
 16936 | Orc:2    | Found Keuwasap's Antique Weapon Emporium.
 16964 | Orc:2    | Bought a pitted orcbow for 195 gold pieces
 16964 | Orc:2    | Identified the +12 orcbow "Naatup" {heavy, Dex+2} (You
                  | bought it in a shop on level 2 of the Orcish Mines)
 16970 | Orc:2    | Bought a pair of runed boots for 210 gold pieces
 17026 | Orc:2    | Found a roughly hewn altar of Beogh.
 17215 | Orc:2    | Found a roughly hewn altar of Beogh.
 17228 | Orc:2    | Found Cewkohal's Assorted Antiques.
 17273 | Orc:2    | Found a roughly hewn altar of Beogh.
 17283 | Orc:2    | Found Heullugh's Armour Boutique.
 17288 | Orc:2    | Bought the +1 pearl dragon scales of Evolution {rN+ Regen+
                  | Int+5 Stlth+} for 1522 gold pieces
 17667 | D:12     | Identified the +5 demon whip "Opeuzxeo" {flame, rF+ Int+3
                  | Dex-5 SInv}
 17767 | D:12     | Learned a level 2 spell: Blink
 17769 | D:12     | Learned a level 1 spell: Slow
 17804 | D:12     | Noticed Erolcha
 17805 | D:12     | Noticed Psyche
 17812 | D:12     | Killed Psyche
 17812 | D:12     | Killed Erolcha
 18443 | D:13     | Identified the +2 robe of Cocytus {Harm}
 18647 | D:13     | Reached skill level 5 in Ranged Weapons
 18674 | D:13     | Reached XP level 16. HP: 113/154 MP: 24/24
 18701 | D:13     | Found a gate to the Vaults.
 18888 | D:13     | Identified the +7 sling of Heowneck {flame, Fly rF- Int+9
                  | Dex-5}
 19018 | D:14     | Identified the +5 lajatang "Piluwops" {spect, rN+ Str+3}
 19588 | Lair:2   | Killed Gastronok
 19705 | Swamp:1  | Entered Level 1 of the Swamp
 19714 | Swamp:1  | Upgraded the game from 0.31-a0-1459-g54790a2 to
                  | 0.31-a0-1467-g53b6572
 20273 | Swamp:1  | Identified the blade talisman of a Gauntlet {+Blink}
 20630 | Snake:1  | Entered Level 1 of the Snake Pit
 20694 | Snake:1  | Reached skill level 15 in Armour
 20824 | Snake:1  | Noticed Jorgrun
 20829 | Snake:1  | Killed Jorgrun
 20943 | Snake:1  | Upgraded the game from 0.31-a0-1467-g53b6572 to
                  | 0.31-a0-1476-g8a4046a
 21574 | Snake:2  | Reached XP level 17. HP: 143/162 MP: 25/25
 21577 | Snake:2  | Upgraded the game from 0.31-a0-1476-g8a4046a to
                  | 0.31-a0-1480-g9c3b9a8
 21652 | Snake:2  | Identified the +6 plate armour "Feharph" {^Drain Will++
                  | Str-3 Int+3}
 21671 | Snake:2  | Identified the +6 sling of Desperation {elec, rCorr}
 21687 | Snake:2  | Reached skill level 10 in Ranged Weapons
 22227 | Snake:3  | Noticed Nikola
 22230 | Snake:3  | Killed Nikola
 22792 | Snake:4  | Entered Level 4 of the Snake Pit
 23023 | Snake:4  | Identified a scroll of acquirement
 23024 | Snake:4  | Acquired a manual of Ranged Weapons
 23041 | Snake:4  | Identified the +0 pair of gloves "Hoteq" {Harm rPois rN+
                  | Slay+2}
 23065 | Snake:4  | Found Ulloopri's Jewellery Emporium.
 23067 | Snake:4  | Found Ufiuly's Antique Armour Shoppe.
 23069 | Snake:4  | Found Luiwn's Magic Scroll Emporium.
 23077 | Snake:4  | Bought a scroll of identify for 26 gold pieces
 23077 | Snake:4  | Bought a scroll of enchant armour for 97 gold pieces
 23300 | Snake:4  | Got a serpentine rune of Zot
 24109 | Swamp:2  | Reached XP level 18. HP: 170/170 MP: 26/26
 24824 | Swamp:4  | Entered Level 4 of the Swamp
 24834 | Swamp:4  | Reached skill level 15 in Ranged Weapons
 25154 | Swamp:4  | Noticed the 27-headed Lernaean hydra
 25157 | Swamp:4  | Noticed a tentacled monstrosity
 25163 | Swamp:4  | Killed the 27-headed Lernaean hydra
 25167 | Swamp:4  | Killed a tentacled monstrosity
 25218 | Swamp:4  | Got a decaying rune of Zot
 25715 | Slime:1  | Entered Level 1 of the Pits of Slime
 25736 | Slime:1  | Paralysed by a formless jellyfish for 1 turns
 25736 | Slime:1  | HP: 8/172 [formless jellyfish (14)]
 25738 | Slime:1  | The Shining One protects you from harm!
 25741 | Slime:1  | The Shining One protects you from harm!
 25743 | Slime:1  | Demolished by a rockslime

Illustrated notes

Levels and vault maps discovered:
D:1:      spicycebolla_arrival_clurvy, layout_loops_corners
D:2:      layout_rooms, ebering_ecumenical_altar_webs, minmay_split_cup_small
D:3:      layout_rooms, mainiacjoe_overflow_catwalk, kennysheep_generic_room_4
D:4:      layout_loops_corners, grunt_dithmenos_smoke_and_mirrors,
          lemuel_crystal_altar, vehumet_altar_wand_db,
          minmay_temple_entry_from_below_a, gammafunk_ghost_gnarly_gnolls,
          chequers_serial_rivers_room_a
D:5:      layout_cave_pools, hellmonk_overflow_destroyed_library,
          lemuel_crystal_altar, ebering_ghost_sewer_f, serial_shops, shop,
          serial_bayou_pond_a, uniq_duvessa
D:6:      layout_loops_corners, serial_undead, serial_undead_a, serial_undead_e,
          serial_undead_e, serial_undead_a, serial_undead_f, serial_undead_b,
          serial_undead_b, serial_undead_b, serial_undead_a, serial_undead_a
D:7:      layout_loops_ring, mainiacjoe_overflow_six_doors_small,
          mainiacjoe_overflow_tiny_flanked, grunt_qazlal_sundering,
          enter_bailey_2, serial_rivers, chequers_serial_rivers_large_a,
          chequers_serial_rivers_large_b, chequers_serial_rivers_room_b,
          chequers_serial_rivers_micro_e, hangedman_decor_push,
          hangedman_minor_gate_pass
D:8:      layout_loops_corners, mainiacjoe_overflow_two_lobes, lair_entry_dummy
D:9:      minmay_the_grid_triangle_9x9_rhombus_thin_mashed
          [minmay_the_grid_triangle_9x9_dagger,
          minmay_the_grid_triangle_9x9_prize_schism,
          minmay_the_grid_triangle_9x9_minimal,
          minmay_the_grid_triangle_9x9_pentomino_pain], layout_rooms,
          kennysheep_vampire_church, lemuel_coloured_pillars_altar,
          minmay_orc_entry_guard_dogs
D:10:     layout_cave_pools, gammafunk_ghost_nasty_kobolds,
          chequers_serial_rivers_micro_a, uniq_maggie
D:11:     dragon1_lemuel, layout_irregular_city, ebering_ghost_gozag,
          minmay_misc_feat_enclosed, cheibrodos_worm_habitat
D:12:     minmay_firetagon, layout_long_grid, uniq_psyche, uniq_erolcha
D:13:     layout_loops_ring, ximxim_vaults_locker_room, minmay_diamond_spiral
D:14:     layout_rooms, kennysheep_inner_square
Lair:1:   layout_regular_city, ebering_ghost_xom, st_stairs_9,
          nicolae_quartered_pool_medium, wad_woods_river_03,
          serial_bayou_shore_b
Lair:2:   layout_roguey, skrybe_swamp_entry_bodies, infiniplex_staircase_pool,
          lemuel_fruit_tree, serial_bayou_shore_a, uniq_gastronok
Lair:3:   layout_regular_city, minmay_snake_entry_six_corridors,
          gammafunk_ghost_hive, nicolae_volcano_entry_vermiform
Lair:4:   layout_regular_city, slime_entry_1, grunt_forest_small_clearings,
          grunt_megastairs_5, serial_bayou_shore_b
Lair:5:   due_jungle_book, layout_loops_ring, basic_altar,
          bh_autumn_forest_stairs, uniq_nessos
Swamp:1:  layout_falls_marsh, nicolae_swamp_treefoil, swamp_pool_5,
          tekkud_bubbles_buried_in_this_jungle
Swamp:2:  layout_basic_swamp, hangedman_swamp_ruin_hall, swamp_pool_5
Swamp:3:  layout_basic_swamp, evilmike_swamp_ruin_house_5
Swamp:4:  swamp_old_school, layout_basic_swamp
Snake:1:  layout_grid_shapes, uniq_jorgrun
Snake:2:  layout_rooms
Snake:3:  layout_gridlike, uniq_nikola
Snake:4:  grunt_snake_rune_serpentine_throne, layout_rooms, minmay_shop_star
Slime:1:  layout_caves
Orc:1:    layout_diamond_mine, basic_altar
Orc:2:    grunt_orc_community_town_hall, layout_caves,
          grunt_orc_community_big_house_2, grunt_orc_community_big_house_1,
          grunt_orc_community_house_1, grunt_orc_community_house_2,
          grunt_orc_community_house_2, grunt_orc_community_house_1,
          grunt_orc_community_house_1, ebering_ghost_xom, uniq_azrael,
          uniq_maurice

Skill      XL: |  1  2  3  4  5  6  7  8  9 10 11 12 13 14 15 16 17 18 |
---------------+-------------------------------------------------------+-----
Fighting       | 4 5 6 7 8 9 11 13 15 16 17 18 | 18.1
Axes           | 3 4 5 6 7 9 11 12 13 | 13.2
Armour         | 4 5 6 9 11 13 14 15 17 18 | 18.5
Invocations    | 1 3 5 7 9 10 11 | 11.0
Dodging        | 1 2 3 |  3.6
Shields        | 4 5 6 7 10 | 10.2
Evocations     | 1 2 4 |  4.4
Maces & Flails | 7 11 12 | 12.5
Throwing       | 1 2 |  2.0
Ranged Weapons | 5 9 13 16 | 16.0
Stealth        | |  0.5

Action                     |  1- 3 |  4- 6 |  7- 9 | 10-12 | 13-15 | 16-18 || total
---------------------------+-------+-------+-------+-------+-------+-------++-------
  Melee: War axe           |    93 |    65 |   262 |    55 |       |       ||   475
         Flail             |       |       |       |   412 |   720 |       ||  1132
         Battleaxe         |       |       |       |       |   241 |   309 ||   550
   Fire: Orcbow            |       |       |       |       |    26 |   359 ||   385
         Shortbow          |       |       |       |       |    13 |       ||    13
  Throw: Dart              |       |       |       |    64 |    44 |       ||   108
 Invoke: Divine Shield     |       |     1 |       |     8 |    10 |     4 ||    23
         Cleansing Flame   |       |       |       |     2 |     8 |     3 ||    13
         Summon Divine War |       |       |       |     1 |     2 |     8 ||    11
Ability: Evoke Blink       |       |       |       |       |     1 |       ||     1
  Evoke: Wand              |       |     4 |     2 |    14 |     8 |     8 ||    36
         Lightning rod     |       |       |       |       |     1 |     5 ||     6
    Use: Potion            |       |       |     1 |     3 |     1 |    10 ||    15
         Scroll            |       |       |       |    13 |     7 |    16 ||    36
 Armour: Scale mail        |    61 |    39 |   179 |   152 |       |       ||   431
         Plate armour      |       |       |       |   175 |   643 |       ||   818
         Pearl dragon scal |       |       |       |       |    86 |   786 ||   872
  Dodge: Dodged            |    38 |    29 |   146 |   143 |   275 |   287 ||   918
  Block: Buckler           |    25 |    17 |    57 |   131 |   249 |       ||   479
         Other             |       |       |       |       |    22 |    16 ||    38

Table legend: (Time is in decaauts)
 A = Elapsed time spent in this place.
 B = Non-inter-level travel time spent in this place.
 C = Inter-level travel time spent in this place.
 D = Time resting spent in this place.
 E = Time spent auto-exploring this place.
 F = Levels seen in this place.
 G = Mean time per level.
                   A        B        C        D        E       F      G
               +--------+--------+--------+--------+--------+-----+--------+
         Total |  26231 |  23795 |   2436 |    314 |  17500 |  31 |  846.2 |
       Dungeon |  12261 |  11186 |   1075 |     53 |   8799 |  14 |  875.8 |
          Lair |   6397 |   5594 |    803 |     48 |   4187 |   5 | 1279.4 |
         Swamp |   3001 |   2695 |    306 |    125 |   1702 |   4 |  750.2 |
     Snake Pit |   3205 |   3019 |    186 |     88 |   1966 |   4 |  801.2 |
    Slime Pits |     31 |     31 |      0 |      0 |      0 |   1 |   31.0 |
  Orcish Mines |   1315 |   1252 |     63 |      0 |    840 |   2 |  657.5 |
        Bailey |     17 |     17 |      0 |      0 |      5 |   1 |   17.0 |
               +--------+--------+--------+--------+--------+-----+--------+

Top non-repeatable levels by time:
  Lair:5: 1721 daAuts
     D:8: 1521 daAuts
  Lair:2: 1225 daAuts
  Lair:3: 1215 daAuts
  Lair:1: 1184 daAuts
    D:12: 1096 daAuts
     D:6: 1092 daAuts
     D:7: 1054 daAuts
   Orc:2: 1053 daAuts
  Lair:4: 1049 daAuts
    D:13: 977 daAuts
    D:11: 952 daAuts
     D:4: 947 daAuts
     D:9: 919 daAuts
     D:1: 901 daAuts
